 Dungeon Crawl Stone Soup version 0.27-a0-277-g024f7ef292 (webtiles) character file.

Game seed: 2504776595263487119

72 mobtown the Grave Robber (level 4, -1/24 HPs)
             Began as a Deep Elf Necromancer on Feb 5, 2021.
             Slain by an orc
             ... wielding a +0 mace
              (8 damage)
             ... on level 3 of the Dungeon.
             The game lasted 00:05:28 (2100 turns).

mobtown the Grave Robber (Deep Elf Necromancer)     Turns: 2100, Time: 00:05:28

Health: -1/24      AC:  3    Str:  5    XL:     4   Next: 6%
Magic:  6/12       EV: 12    Int: 21    God:
Gold:   152        SH:  5    Dex: 15    Spells: 7/12 levels left

rFire    . . .     SeeInvis .   g - +0 dagger
rCold    . . .     Faith    .   d - +2 buckler
rNeg     . . .     Spirit   .   a - +0 robe
rPois    .         Reflect  .   (no helmet)
rElec    .         Harm     .   (no cloak)
rCorr    .         Rampage  .   b - +0 pair of gloves
Will     .....                  (no boots)
Stlth    ++........             (no amulet)
HPRegen  0.08/turn              (no ring)
MPRegen  0.13/turn              (no ring)

@: no status effects
A: no striking features
a: no special abilities


You were on level 3 of the Dungeon.
You visited 1 branch of the dungeon, and saw 3 of its levels.

You collected 152 gold pieces.

Inventory:

Hand Weapons
 g - a +0 dagger (weapon)
Missiles
 l - 73 stones
 m - 28 arrows
Armour
 a - a +0 robe (worn)
 b - a +0 pair of gloves (worn)
 d - a +2 buckler (worn)
Scrolls
 c - 4 scrolls of teleportation {unknown}
 f - a scroll of magic mapping {unknown}
 h - 2 scrolls of amnesia {unknown}
 i - 2 scrolls of enchant armour {unknown}
 j - 4 scrolls of identify {unknown}
 k - a scroll of enchant weapon {unknown}
 n - a scroll of fear {unknown}
Potions
 e - 3 potions of might {unknown}
 o - 2 potions of attraction {unknown}
 p - a potion of curing {unknown}


   Skills:
 + Level 2.4 Dodging
 + Level 2.6 Stealth
 + Level 4.5 Spellcasting
 * Level 5.9 Necromancy


You had 7 spell levels left.
You knew the following spells:

 Your Spells              Type           Power        Failure   Level
a - Pain                  Necr           100%         1%          1
b - Animate Skeleton      Necr           58%          1%          1
c - Vampiric Draining     Necr           14%          4%          3

Your spell library contained the following spells:

 Spells                   Type           Power        Failure   Level
 Animate Dead             Necr           14%          17%         4
 Agony                    Necr           29%          43%         5


Dungeon Overview and Level Annotations

Branches:
Dungeon (3/15)

Altars:


Message History

You feel life coursing into your body.
You hit the orc priest.
The orc priest is severely wounded.
The orc priest invokes the aid of Beogh against you.
Beogh smites you!
Ouch! That really hurt!
The orc barely misses you.
A quokka comes into view.
You block the orc priest's attack.
Casting: Vampiric Draining (quite dangerous; 4% risk of failure)
Confirm with . or Enter, or press ? or * to list all spells.
The spell is quite dangerous to cast (4% risk of failure)!
Continue anyway?
Aiming: Vampiric Draining (quite dangerous; 4% risk of failure)
Press: ? - help, Shift-Dir - straight line, f/p - orc priest
Aim: an orc priest, wielding a +0 hand axe and wearing a +0 scale mail (severely wounded)
You kill the orc priest!
You feel life coursing into your body. The orc hits you with a +0 mace.
* * * LOW HITPOINT WARNING * * *
The orc hits you with a +0 mace!
You die...

#########
#.).....#
#.@.....#
#oo.....#
#......$.#
#........#
#......).#
#r.[.....#
..########
###


You could see 2 orcs and a quokka.

Vanquished Creatures
  An orc priest (D:3)
  4 adders (D:2)
  An ooze (D:1)
  A leopard gecko (D:2)
  6 bats
  A giant cockroach (D:1)
  3 goblins
  3 hobgoblins
  7 kobolds
  3 frilled lizards
  3 rats
33 creatures vanquished.

Notes
Turn   | Place    | Note
-------+----------+-------------------------------------------
     0 | D:1      | mobtown the Deep Elf Necromancer began the quest for the
                  | Orb.
     0 | D:1      | Reached XP level 1. HP: 10/10 MP: 6/6
   217 | D:1      | Reached skill level 5 in Necromancy
   552 | D:1      | Reached XP level 2. HP: 14/15 MP: 6/8
  1305 | D:2      | Reached XP level 3. HP: 19/19 MP: 10/10
  1307 | D:2      | Learned a level 1 spell: Animate Skeleton
  1311 | D:2      | Learned a level 3 spell: Vampiric Draining
  1848 | D:2      | Reached XP level 4. HP: 21/24 MP: 7/12
  2100 | D:3      | Slain by an orc

Illustrated notes

Levels and vault maps discovered:
D:1:      lightli_arrival_windingriver, layout_rooms
D:2:      layout_basic
D:3:      layout_loops_cross, trog_eyes_of_draining

Skill      XL: |  1  2  3 |
---------------+----------+-----
Necromancy     | 5 |  5.9
Spellcasting   | 4 |  4.5
Dodging        | |  2.4
Stealth        | |  2.6

Action                   |  1- 3 |  4- 6 || total
-------------------------+-------+-------++-------
Melee: Dagger            |     7 |     4 ||    11
 Cast: Pain              |    50 |       ||    50
       Vampiric Draining |     3 |     2 ||     5
       Animate Skeleton  |     1 |       ||     1
 Stab: Sleeping          |     2 |     2 ||     4
Armor: Robe              |     9 |       ||     9
Dodge: Dodged            |     7 |     1 ||     8
Block: Buckler           |     4 |     1 ||     5

Table legend: (Time is in decaauts)
 A = Elapsed time spent in this place.
 B = Non-inter-level travel time spent in this place.
 C = Inter-level travel time spent in this place.
 D = Time resting spent in this place.
 E = Time spent auto-exploring this place.
 F = Levels seen in this place.
 G = Mean time per level.
                   A        B        C        D        E       F      G
               +--------+--------+--------+--------+--------+-----+--------+
         Total |   2101 |   2101 |      0 |    394 |   1439 |   3 |  700.3 |
       Dungeon |   2101 |   2101 |      0 |    394 |   1439 |   3 |  700.3 |
               +--------+--------+--------+--------+--------+-----+--------+

Top non-repeatable levels by time:
     D:1: 1161 daAuts
     D:2: 936 daAuts
     D:3: 3 daAuts
